AoeStats
← Clueless Clown

Black Forest

504568661Analyzed
4v4 RM · 26d ago on Sep 5, 2026· 85m 59s· 8 players
Game mode
Random Map
Map size
Large (8 player)
Population
200
Speed
Normal
Resources
Standard
Victory
Conquest
Starting age
Dark Age
Ending age
Imperial Age
RankedLock teamsTeams togetherTeam positionsShared explorationLock speedFull tech treeHidden civsTurbo modeCheats
Victory
Defeat
🇺🇸 Burgundians · United States
1012
+14
🇩🇪 Franks · Germany
971
+15
🇸🇪 Bohemians · Sweden
962
+16
🇲🇽 Turks · Mexico
959
+16
🇹🇷 Inca · Türkiye
1022
-18
🇹🇷 Chinese · Türkiye
1003
-17
🇹🇷 Bohemians · Türkiye
897
-13
🇹🇷 Franks · Türkiye
896
-13
RainyNight
1:23 Loom
11:03 Feudal Age
12:41 Wheelbarrow
12:11 Double-Bit Axe
12:40 Horse Collar
18:37 Castle Age
16:51 Gold Mining
16:59 Champi Runner
17:25 Arson
18:05 Scale Mail Armor
19:24 Forging
20:04 Squires
20:33 Bow Saw
20:31 Champi Warrior
23:42 Hand Cart
25:44 Gold Shaft Mining
26:22 Chain Mail Armor
26:30 Pikeman
33:47 Imperial Age
33:36 Iron Casting
33:04 Heavy Plow
32:56 Stone Mining
34:24 Elite Champi Warrior
35:07 Fabric Shields
35:27 Conscription
35:12 Capped Ram
36:45 Plate Mail Armor
38:29 Siege Ram
39:55 Fletching
43:19 Halberdier
48:17 Blast Furnace
51:15 Elite Kamayuk
71:18 Caravan
TheBens
1:26 Loom
11:17 Feudal Age
18:13 Castle Age
16:17 Double-Bit Axe
17:43 Forging
19:43 Husbandry
23:39 Wheelbarrow
25:32 Caravan
30:50 Imperial Age
29:07 Scale Barding Armor
30:07 Scale Mail Armor
31:22 Gold Mining
31:22 Stone Mining
32:35 Hoardings
33:36 Iron Casting
33:52 Chain Mail Armor
33:58 Chain Barding Armor
34:54 Gold Shaft Mining
34:42 Chain Barding Armor
34:35 Fletching
34:46 Padded Archer Armor
35:24 Squires
34:45 Pikeman
36:02 Halberdier
37:27 Bow Saw
37:10 Cavalier
38:46 Hand Cart
38:53 Ballistics
39:33 Chemistry
38:42 Bodkin Arrow
39:25 Plate Mail Armor
40:34 Elite Throwing Axeman
42:17 #83
43:14 Chemistry
43:18 Blast Furnace
45:45 Chivalry
47:14 Plate Barding Armor
52:49 Leather Archer Armor
52:21 Town Watch
52:16 Paladin
57:54 Town Patrol
60:24 Onager
72:43 Gambesons
73:14 Fortified Wall
73:28 Conscription
72:42 Light Cavalry
BigHope
13:35 Feudal Age
14:03 Double-Bit Axe
15:11 Horse Collar
17:51 Castle Age
19:50 Bow Saw
20:29 Heavy Plow
21:42 Caravan
23:36 Wheelbarrow
23:29 Fletching
24:47 Hand Cart
26:49 Wagenburg Tactics
32:05 Imperial Age
30:09 Bodkin Arrow
33:25 Conscription
34:53 Chemistry
33:53 Elite Hussite Wagon
35:33 Guilds
36:33 Pikeman
37:34 Forging
37:24 Scale Mail Armor
38:14 Halberdier
39:27 Squires
40:07 Iron Casting
39:47 Chain Mail Armor
41:32 Arson
55:15 Man-at-Arms
57:59 Blast Furnace
57:29 Plate Mail Armor
56:29 Long Swordsman
59:19 Two-Man Saw
58:02 Two-Handed Swordsman
60:55 Champion
78:23 Town Watch
Silver Light
11:32 Feudal Age
9:48 Loom
19:38 Stone Mining
21:56 Castle Age
20:29 Stone Mining
20:30 Gold Mining
20:29 Double-Bit Axe
20:27 Horse Collar
22:03 Wheelbarrow
25:40 Thumb Ring
25:59 Ballistics
25:52 Fletching
26:02 Padded Archer Armor
32:35 Imperial Age
30:57 Leather Archer Armor
30:40 Guard Tower
31:34 Bodkin Arrow
32:44 Stone Shaft Mining
32:45 Gold Shaft Mining
32:16 Heavy Plow
34:20 Chemistry
33:45 Caravan
33:55 Arrowslits
35:00 Bracer
36:15 Ring Archer Armor
37:34 Elite Chu Ko Nu
38:53 Murder Holes
40:42 Keep
40:20 Fortified Wall
40:43 Bow Saw
60:17 Bombard Tower
Josep Zicri
0:32 Loom
11:38 Feudal Age
12:29 Double-Bit Axe
21:08 Castle Age
18:56 Horse Collar
19:38 Stone Mining
21:20 Gold Mining
24:22 Bow Saw
24:15 Heavy Plow
35:20 Imperial Age
35:30 Gold Shaft Mining
36:17 Wheelbarrow
35:27 Town Watch
35:40 Heavy Scorpion
36:51 Conscription
37:14 Hand Cart
40:47 Forging
40:43 Scale Barding Armor
40:54 Bloodlines
40:45 Husbandry
41:33 Elite Janissary
47:40 Fortified Wall
47:11 Treadmill Crane
51:45 Iron Casting
66:42 Chain Barding Armor
68:44 Plate Barding Armor
69:50 Blast Furnace
69:48 Town Patrol
70:28 Caravan
85:48 Artillery
Clueless Clown
7:37 Double-Bit Axe
8:17 Horse Collar
11:49 Feudal Age
15:29 Castle Age
14:55 Bow Saw
14:45 Loom
16:30 Heavy Plow
19:22 Wheelbarrow
20:00 Two-Man Saw
21:08 Two-Man Saw
21:01 Hand Cart
22:31 Crop Rotation
22:26 Gold Mining
22:26 Stone Mining
25:06 Treadmill Crane
27:34 Gold Shaft Mining
27:34 Stone Shaft Mining
27:43 Stone Shaft Mining
30:54 Imperial Age
28:52 Burgundian Vineyards
29:25 Scale Barding Armor
29:30 Forging
29:57 Husbandry
29:18 Cavalier
30:51 Chain Barding Armor
30:56 Paladin
32:16 Iron Casting
32:30 Plate Barding Armor
33:33 Iron Casting
33:33 Guilds
33:36 Sappers
34:30 Conscription
35:27 Blast Furnace
39:30 Fletching
42:25 Caravan
48:30 Bodkin Arrow
73:46 Devotion
79:11 Town Watch
zauberkugel112
0:26 Loom
12:57 Feudal Age
14:19 Wheelbarrow
14:18 Double-Bit Axe
20:14 Castle Age
19:36 Gold Mining
19:37 Stone Mining
20:47 Scale Barding Armor
23:54 Hand Cart
25:04 Bow Saw
27:20 Scale Mail Armor
27:30 Forging
28:34 Pikeman
32:05 Squires
37:46 Imperial Age
36:22 Gold Shaft Mining
39:02 Conscription
39:03 #83
38:05 Elite Throwing Axeman
40:59 Chemistry
40:10 Fortified Wall
39:57 Murder Holes
40:48 Caravan
42:27 Chivalry
43:10 Onager
44:06 Husbandry
43:27 Cavalier
45:58 Chain Mail Armor
46:18 Iron Casting
51:20 Siege Engineers
50:39 Paladin
54:58 Light Cavalry
57:17 Iron Casting
57:12 Plate Mail Armor
57:02 Chain Barding Armor
61:52 Blast Furnace
61:12 Chain Barding Armor
62:04 Arson
65:02 Elite Skirmisher
70:20 Capped Ram
70:20 Heavy Scorpion
71:18 Town Watch
74:18 Masonry
76:03 Padded Archer Armor
75:53 Fletching
76:58 Halberdier
Patches
5:33 Loom
12:13 Feudal Age
14:17 Wheelbarrow
17:16 Castle Age
16:52 Double-Bit Axe
16:51 Horse Collar
18:10 Heavy Plow
19:04 Bow Saw
24:04 Hand Cart
30:04 Imperial Age
29:28 Padded Archer Armor
31:02 Chemistry
30:26 Leather Archer Armor
31:51 Town Watch
33:10 Two-Man Saw
33:11 Masonry
33:51 Ring Archer Armor
33:10 Houfnice
35:59 Architecture
35:38 Siege Engineers
36:39 Fortified Wall
38:23 Town Patrol
47:12 Elite Hussite Wagon
48:14 Conscription
48:02 Wagenburg Tactics
49:18 Fletching
50:19 Elite Skirmisher
50:59 Bodkin Arrow
51:26 Ballistics
51:27 Bombard Tower
50:49 Treadmill Crane
52:17 Bracer
54:47 Caravan
Connection lost

Rejoining the realm…

Still unreachable

The connection could not be restored.

Session expired

The server has moved on; the page needs a fresh start.